[Event "Early-Titled-Tuesday-Blitz-June-18-2024"]
[Site "Chess.com"]
[Date "2024.06.18"]
[Round "5"]
[White "topce"]
[Black "Wizard_97"]
[Result "1-0"]
[WhiteElo "2530"]
[BlackElo "2716"]
[TimeControl "180+1"]
[EndTime "8:57:54 PDT"]
[Termination "topce won by checkmate"]

1. c4 e5 2. Nc3 Nc6 3. Nf3 Nf6 4.
e4 Bc5 5. Nxe5 Nxe5 6. d4 Bxd4 7. Qxd4 Nc6 8. Qd2 d6 9. f3 Be6 10. b3 a6 11. Bb2 Qd7 12. Be2 Ne7 13. Nd5 Bxd5 14.
cxd5 Ng6 15. O-O O-O 16. Rac1 Rac8 17. Rfd1 Qe7 18. Rc2 Rfd8 19. Rdc1 Ne8 20. Qa5 Nf4 21. Bf1 Qg5 22. Qd2 Nh3+ 23. Kh1 Qxd2 24. Rxd2 Nf4 25. g3 Ng6 26. Bh3 Rb8 27. f4 Ne7 28. Ba3 c6 29. dxc6 bxc6 30. Rcd1 Nc8 31. e5 d5 32. Rc2 Rb6 33. Bc5 Rb5 34. Bf1 Rb8 35. Bxa6 Nc7 36.
Bd3 Ne6 37. Rdc1 g6 38. Be2 Nxc5 39. Rxc5 Ne7 40. R1c2 Rb4 41. Kg1 Ra8 42. Kf2 Kg7 43. Bg4 f6 44. exf6+ Kxf6 45. Bd7 Rb6 46. Bxc6 Nxc6 47.
Rxc6+ Rxc6 48. Rxc6+ Kf5 49. Kf3 h5 50. h3 g5 51. g4+ hxg4+ 52. hxg4# 1-0

[Event "Early-Titled-Tuesday-Blitz-June-18-2024"]
[Site "Chess.com"]
[Date "2024.06.18"]
[Round "5"]
[White "teresin05"]
[Black "sirinbaba33"]
[Result "1-0"]
[WhiteElo "2313"]
[BlackElo "2172"]
[TimeControl "180+1"]
[EndTime "8:57:54 PDT"]
[Termination "teresin05 won by resignation"]

1. e4 c5 2. Nf3 d6 3. d4 cxd4 4. Nxd4 Nf6 5. f3 a6 6. c4 e6 7. Nc3 Be7 8. Be3 O-O 9. Be2 Qc7 10. O-O b6 11. Qd2 Bb7 12. Rfc1 Nbd7 13. a4 Rfd8 14. a5 Rac8 15. Nb3 Nc5 16. axb6 Qxb6 17. Na5 Qc7 18. b4 d5 19. bxc5 d4 20. Nxb7 dxe3 21. Qb2 Rd2 22. Qb6 Qe5 23. Nd6 Bxd6 24. cxd6 Rxd6 25. Qxe3 g5 26.
g3 h6 27. f4 gxf4 28. gxf4 Qd4 29. Qxd4 Rxd4 30. Rd1 Rcd8 31. Rxd4 Rxd4 32. Rd1 Rxd1+ 33.
Bxd1 e5 34. fxe5 Nd7 35. e6 fxe6 36. Kf2 Kf7 37. Ke3 Kf6 38. Kd4 h5 1-0

[Event "Early-Titled-Tuesday-Blitz-June-18-2024"]
[Site "Chess.com"]
[Date "2024.06.18"]
[Round "5"]
[White "GM-2024-GM"]
[Black "JosefineHeinemann"]
[Result "1-0"]
[WhiteElo "2322"]
[BlackElo "2481"]
[TimeControl "180+1"]
[EndTime "8:57:55 PDT"]
[Termination "GM-2024-GM won by checkmate"]

1. e4 c5 2. Nf3 d6 3. d4 cxd4 4. Nxd4 Nf6 5. Nc3 a6 6. Bg5 e6 7. f4 Be7 8. Qe2 h6 9. Bxf6 Bxf6 10. O-O-O Qb6 11. e5 dxe5 12. fxe5 Bg5+ 13. Kb1 O-O 14. h4 Be7 15. g4 Nc6 16. Nxc6 bxc6 17. g5 hxg5 18. hxg5 Bxg5 19. Ne4 Rb8 20. b3 Qe3 21. Nxg5 Qxg5 22. Qh2 f5 23. Qh7+ Kf7 24. Bc4 Qg6 25. Qh4 Qg4 26. Qh7 Qxc4 27. Rhg1 Rg8 28. Qg6+ Ke7 29. Qg5+ Kf7 30. Qg6+ Ke7 31. Qg5+ Kf7 32.
Rd8 Rxd8 33. Qxg7+ Ke8 34. Qg8+ Kd7 35. Rg7# 1-0

[Event "Early-Titled-Tuesday-Blitz-June-18-2024"]
[Site "Chess.com"]
[Date "2024.06.18"]
[Round "5"]
[White "cmunda"]
[Black "micke12a"]
[Result "1-0"]
[WhiteElo "2202"]
[BlackElo "2377"]
[TimeControl "180+1"]
[EndTime "8:57:55 PDT"]
[Termination "cmunda won by resignation"]

1. e4 c5 2. c3 e6 3. d4 d5 4. e5 Nc6 5. Nf3 Qb6 6. Bd3 cxd4 7. cxd4 Nb4 8. Be2 a5 9. O-O Ne7 10. Nc3 Nf5 11. g4 Ne7 12. a3 Nbc6 13. Na4 Qd8 14.
Be3 h5 15. h3 hxg4 16. hxg4 Ng6 17. Kg2 Nh4+ 18. Nxh4 Rxh4 19. Rh1 Rxh1 20. Qxh1 Ne7 21.
Rc1 Bd7 22. Nc5 Bc6 23. Bg5 Qb6 24. Rc2 Ng6 25. Qc1 Be7 26. Bxe7 Kxe7 27. Bd3 Nh4+ 28.
Kg3 Rh8 29. Qg5+ Kf8 30. b4 Rh6 31. b5 Be8 32. a4 Ng6 33. f4 Ne7 34. f5 exf5 35.
gxf5 Qd8 36. f6 Ng6 37. fxg7+ Kxg7 38. Qxd8 1-0

[Event "Early-Titled-Tuesday-Blitz-June-18-2024"]
[Site "Chess.com"]
[Date "2024.06.18"]
[Round "5"]
[White "AndresDelgado77"]
[Black "HanSchut"]
[Result "1-0"]
[WhiteElo "2363"]
[BlackElo "2250"]
[TimeControl "180+1"]
[EndTime "8:57:55 PDT"]
[Termination "AndresDelgado77 won by resignation"]

1. e4 c5 2. Nf3 d6 3. d4 cxd4 4.
Qxd4 Nc6 5. Bb5 Bd7 6. Qd3 Rc8 7. Nc3 Nf6 8. Bg5 Nb4 9. Bxd7+ Qxd7 10. Qe2 e6 11. a3 Nc6 12. O-O-O h6 13. Bf4 a6 14. e5 Nh5 15. Be3 g5 16. g4 Nf4 17. Bxf4 gxf4 18.
Ne4 Be7 19. Nxd6+ Bxd6 20. Rxd6 Qc7 21. Qe4 Nxe5 22. Rxe6+ fxe6 23. Nxe5 Rg8 24. c3 Rg5 25. Nf3 Qc6 26. Nxg5 hxg5 27. Qg6+ Kd7 28. Rd1+ Kc7 29. Qxg5 Kb8 30. Qxf4+ Ka8 31. Qd6 Qf3 32. g5 Qxf2 33.
g6 Qxh2 34. Qxh2 1-0

[Event "Early-Titled-Tuesday-Blitz-June-18-2024"]
[Site "Chess.com"]
[Date "2024.06.18"]
[Round "5"]
[White "yonaltimur"]
[Black "ElCoachRene"]
[Result "1-0"]
[WhiteElo "2324"]
[BlackElo "2063"]
[TimeControl "180+1"]
[EndTime "8:57:55 PDT"]
[Termination "yonaltimur won by checkmate"]

1. e4 Nc6 2. d4 d5 3. e5 f6 4. f4 Nh6 5. Nf3 Bg4 6. Be2 Nf5 7.
c3 e6 8. h3 Bxf3 9. Bxf3 Ng3 10.
Rg1 f5 11. Be3 Be7 12. Nd2 O-O 13. Qc2 b5 14. O-O-O a5 15. Kb1 Ne4 16. Nxe4 fxe4 17. Bg4 Qc8 18. g3 g6 19. h4 Nd8 20. h5 c5 21.
hxg6 hxg6 22. Rh1 Kg7 23. Qh2 Kf7 24. Qh7+ Ke8 25. Qxg6+ Kd7 26. Rh7 Kc6 27. dxc5 Bxc5 28. Bxc5 Kxc5 29. Re7 Nc6 30. Rxe6 Qa6 31. Rd6 b4 32.
R1xd5+ Kc4 33. Be2# 1-0

[Event "Early-Titled-Tuesday-Blitz-June-18-2024"]
[Site "Chess.com"]
[Date "2024.06.18"]
[Round "5"]
[White "ellatambien"]
[Black "Sanan_Sjugirov"]
[Result "0-1"]
[WhiteElo "2684"]
[BlackElo "2950"]
[TimeControl "180+1"]
[EndTime "8:57:56 PDT"]
[Termination "Sanan_Sjugirov won by resignation"]

1. Nf3 Nf6 2. g3 b6 3. Bg2 Bb7 4. b3 g6 5. Bb2 Bg7 6. O-O O-O 7. d4 d6 8. a4 a5 9. Nbd2 Nbd7 10. Re1 Re8 11. e4 e5 12. Rb1 exd4 13. Nxd4 Nc5 14. f3 Nfd7 15. Nc4 d5 16. exd5 Rxe1+ 17. Qxe1 Bxd5 18.
Ne3 Bb7 19. Ba1 Qf8 20. Rd1 Re8 21. Qf2 h5 22. Re1 Rd8 23. Nc4 Nf6 24. Nb5 Rd7 25. Ne5 Re7 26. Nc4 Bc6 27. Bd4 Bxb5 28. axb5 Ne6 29.
Ba1 Qe8 30. Na3 Nd5 31. Bxg7 Kxg7 32. Bf1 Nf6 33. Bc4 h4 34. Bxe6 Rxe6 35. Rxe6 Qxe6 36. Nc4 Qd5 37. gxh4 Qxb5 38. Qd4 Qf5 39. Kg2 Qxc2+ 40. Kg3 Qxb3 41. Ne3 Qe6 42. f4 c5 43. Qc3 Kh7 44.
Kf2 Ne4+ 0-1

[Event "Early-Titled-Tuesday-Blitz-June-18-2024"]
[Site "Chess.com"]
[Date "2024.06.18"]
[Round "5"]
[White "Chessmatenokk17"]
[Black "Silent-Killer100"]
[Result "1-0"]
[WhiteElo "2797"]
[BlackElo "2574"]
[TimeControl "180+1"]
[EndTime "8:57:56 PDT"]
[Termination "Chessmatenokk17 won by checkmate"]

1. e4 c5 2. Nf3 e6 3. c3 d5 4. e5 Nc6 5. d4 Bd7 6. Na3 Qb6 7. Nc2 Nh6 8. Bd3 Nf5 9. O-O Be7 10. Bxf5 exf5 11.
dxc5 Qxc5 12. Be3 Qb5 13. b4 Be6 14. Ncd4 Nxd4 15. Nxd4 Qc4 16. Nxe6 fxe6 17. Bd4 O-O 18. Qb3 Rfc8 19. Rfd1 a6 20. g3 Rc7 21. Rd2 Rac8 22. Qd1 Qb5 23. a4 Qe8 24. h4 Rc4 25. h5 R8c7 26.
Kg2 Bg5 27. Rd3 Rc8 28. f4 Be7 29. g4 fxg4 30. Qxg4 Qf7 31. Rf1 Rf8 32. Rg3 Kh8 33.
f5 exf5 34. Rxf5 Qg8 35. e6 Bf6 36. e7 Re8 37. Rxf6 Rxe7 38. h6 b5 39. hxg7+ Rxg7 40. Qxg7+ Qxg7 41. Rf8# 1-0

[Event "Early-Titled-Tuesday-Blitz-June-18-2024"]
[Site "Chess.com"]
[Date "2024.06.18"]
[Round "5"]
[White "Xavier_mompel"]
[Black "slidingknight2775"]
[Result "0-1"]
[WhiteElo "2437"]
[BlackElo "2686"]
[TimeControl "180+1"]
[EndTime "8:57:56 PDT"]
[Termination "slidingknight2775 won on time"]

1. e4 c5 2. Nf3 d6 3. d4 cxd4 4. Nxd4 Nf6 5. Nc3 Nc6 6. Bg5 e6 7. Bb5 Bd7 8. Qd3 h6 9. Bh4 Be7 10.
O-O-O Rc8 11. Bxc6 bxc6 12. Nb3 c5 13. Nd2 O-O 14. Nc4 d5 15. exd5 exd5 16. Bxf6 Bxf6 17. Nxd5 Be6 18. Qf3 Bd4 19. Nde3 Qe8 20. Nd6 Qa4 21. Nxc8 Qxa2 22. c3 Rxc8 23. Nc2 Bf6 24. Qe3 Rb8 25. Kd2 Qa4 26. Ke2 Qxc2+ 27. Rd2 Qg6 28. Rhd1 Qxg2 29.
Rd7 Bxd7 30. Rxd7 Qg4+ 0-1

[Event "Early-Titled-Tuesday-Blitz-June-18-2024"]
[Site "Chess.com"]
[Date "2024.06.18"]
[Round "5"]
[White "Zhigalko_Sergei"]
[Black "jguerramzllo"]
[Result "1-0"]
[WhiteElo "2990"]
[BlackElo "2666"]
[TimeControl "180+1"]
[EndTime "8:57:57 PDT"]
[Termination "Zhigalko_Sergei won by checkmate"]

1. e4 e5 2. Nf3 Nc6 3. Bc4 Bc5 4. b4 Bxb4 5. c3 Be7 6. d4 Na5 7. Bd3 d6 8. dxe5 dxe5 9. Nxe5 Nf6 10. O-O O-O 11.
Qc2 Bd6 12. Nf3 Re8 13. Bg5 h6 14. Bh4 Bg4 15. Nbd2 g5 16. Bg3 Bxg3 17. hxg3 Qe7 18. e5 Nd7 19. Rfe1 Rad8 20. Nd4 c5 21. Nf5 Bxf5 22.
Bxf5 Kg7 23. f4 gxf4 24. gxf4 Qh4 25. Bxd7 Rxd7 26. Ne4 Red8 27. Re3 Qxf4 28. Rg3+ Kf8 29. Rf1 Qxe5 30. Rg4 Nc4 31. Qf2 Re7 32. Nf6 Rd2 33. Rg8# 1-0

[Event "Early-Titled-Tuesday-Blitz-June-18-2024"]
[Site "Chess.com"]
[Date "2024.06.18"]
[Round "5"]
[White "lamomiajunior"]
[Black "chess_peak"]
[Result "1-0"]
[WhiteElo "2733"]
[BlackElo "2516"]
[TimeControl "180+1"]
[EndTime "8:57:57 PDT"]
[Termination "lamomiajunior won on time"]

1. e4 c5 2. Nf3 Nc6 3. Bb5 e6 4. O-O Nge7 5. Re1 Nd4 6. Nxd4 cxd4 7. c3 a6 8. Bf1 Nc6 9. cxd4 Nxd4 10. d3 Bc5 11.
Be3 O-O 12. Nd2 d6 13. g3 e5 14. Bg2 Be6 15. f4 Qb6 16. Kh1 Qxb2 17. f5 Bxa2 18.
Rc1 b5 19. f6 Be6 20. Bxd4 Bxd4 21. Nf3 Rfc8 22. Rb1 Qc2 23. Nxd4 Qxd1 24. Rbxd1 exd4 25. e5 d5 26. h3 b4 27. Ra1 a5 28. Reb1 Rcb8 29. Kg1 a4 30. Kf2 b3 31. Ra3 Rb4 32.
Ke2 Rc8 33. Rb2 Rc2+ 34. Rxc2 bxc2 35. Kd2 1-0

[Event "Early-Titled-Tuesday-Blitz-June-18-2024"]
[Site "Chess.com"]
[Date "2024.06.18"]
[Round "5"]
[White "HATilay"]
[Black "pavelalexandru07"]
[Result "1-0"]
[WhiteElo "2634"]
[BlackElo "2455"]
[TimeControl "180+1"]
[EndTime "8:57:57 PDT"]
[Termination "HATilay won by resignation"]

1. e4 c5 2. Nf3 d6 3. d4 cxd4 4. Nxd4 Nf6 5. Nc3 a6 6. Be2 e5 7.
Nb3 Be6 8. Be3 Be7 9. Nd5 Bxd5 10. exd5 Nbd7 11. O-O O-O 12. a4 a5 13. c4 b6 14. Kh1 Re8 15. g4 Bf8 16. Rg1 Nc5 17. Nxc5 bxc5 18. b3 e4 19. Qc2 Rb8 20. g5 Nd7 21. Rg4 Qe7 22. Rag1 Qe5 23. Rh4 g6 24. Rgg4 f5 25. gxf6 Nxf6 26. Rg1 Rb6 27. Bd1 Bg7 28. Qd2 Rb7 29. Qxa5 Rf7 30. Qd2 Nd7 31. Bc2 Qf5 32. Rf4 Qh5 33. Rxf7 Kxf7 34. Bd1 Qe5 35. Bg4 Nf6 36.
Be6+ Kf8 37. Bf4 Qh5 38. Bxd6+ Re7 39. Qf4 g5 40. Rxg5 Qd1+ 41. Rg1 1-0

[Event "Early-Titled-Tuesday-Blitz-June-18-2024"]
[Site "Chess.com"]
[Date "2024.06.18"]
[Round "5"]
[White "Brown_Bear_MGL"]
[Black "twofoxniel"]
[Result "0-1"]
[WhiteElo "2499"]
[BlackElo "2686"]
[TimeControl "180+1"]
[EndTime "8:57:58 PDT"]
[Termination "twofoxniel won by resignation"]

1. b3 d5 2. Bb2 c6 3. Nf3 Nf6 4. e3 Bf5 5. Nh4 Bg4 6. Be2 Bxe2 7. Qxe2 e6 8. f4 Nbd7 9. Nf3 Be7 10. O-O O-O 11. d3 a5 12. Nbd2 a4 13. Ne5 Nxe5 14. fxe5 Nd7 15. Rf4 Qb6 16. Bd4 c5 17. Bc3 axb3 18.
axb3 Rxa1+ 19. Bxa1 Qa5 20. Ra4 Qc7 21. Nf3 b5 22. Ra2 f6 23. Ra6 fxe5 24. Nxe5 Nxe5 25. Rxe6 Bf6 26. d4 Ng6 27. Qxb5 h6 28. Rc6 Qa7 29. Bc3 Qa2 30. h3 Qxc2 31. Qxc5 Kh7 32. Qxd5 Qc1+ 33. Kh2 Qxe3 34. Qd6 Rd8 35. Qc7 Re8 36. Qf7 Re7 37. Qd5 Qf4+ 38. Kg1 Re2 39. Rc8 Ne7 40. Qc4 Qf2+ 0-1

[Event "Early-Titled-Tuesday-Blitz-June-18-2024"]
[Site "Chess.com"]
[Date "2024.06.18"]
[Round "5"]
[White "suyu28"]
[Black "Eliwood44"]
[Result "1-0"]
[WhiteElo "2772"]
[BlackElo "2485"]
[TimeControl "180+1"]
[EndTime "8:57:59 PDT"]
[Termination "suyu28 won by checkmate"]

1. d4 Nf6 2. c4 e6 3. Nc3 d5 4. cxd5 exd5 5. Bg5 c6 6. e3 h6 7. Bf4 Bd6 8. Bd3 O-O 9. Bg3 Re8 10.
Nf3 Bg4 11. Qc2 Bxf3 12. gxf3 c5 13. Bxd6 Qxd6 14. Nb5 Qd8 15. dxc5 Nc6 16. a3 d4 17.
O-O-O Nd5 18. Bc4 a6 19. Nd6 Re5 20. f4 Rh5 21. e4 d3 22. Rxd3 Nxf4 23. Bxf7+ Kh7 24.
Bxh5 Nxd3+ 25. Qxd3 Qg5+ 26. Kb1 Qxh5 27. e5+ Kh8 28. f4 Rf8 29. Qe4 Qh4 30. Rf1 Qxh2 31.
e6 Ne7 32. f5 b6 33. Rh1 Qf2 34. cxb6 Qxb6 35. Nf7+ Kg8 36. f6 Rb8 37. Nxh6+ gxh6 38. Qg4+ Kf8 39. Qg7+ Ke8 40. Qxe7# 1-0

[Event "Early-Titled-Tuesday-Blitz-June-18-2024"]
[Site "Chess.com"]
[Date "2024.06.18"]
[Round "5"]
[White "SoCalJuniorChess"]
[Black "GMT4114"]
[Result "1-0"]
[WhiteElo "2218"]
[BlackElo "1937"]
[TimeControl "180+1"]
[EndTime "8:57:59 PDT"]
[Termination "SoCalJuniorChess won on time"]

1. d4 e6 2. Nc3 Bb4 3. Qd3 d5 4. a3 Bxc3+ 5. Qxc3 Nf6 6. Bg5 Nbd7 7. Qd3 h6 8. Bh4 b6 9. f3 Bb7 10. Nh3 c5 11. Nf2 c4 12. Qd2 Qc7 13. Bg3 Qc6 14.
h4 b5 15. a4 b4 16. Qxb4 a5 17. Qd6 Nh5 18. Qxc6 Bxc6 19. Bd6 Nb6 20. g4 Nf6 21.
e3 Nxa4 22. b3 cxb3 23. cxb3 Nb6 24. Bc7 Nfd7 25. e4 O-O 26. e5 Rfc8 27. Bd6 Ra7 28. Bd3 a4 29. bxa4 Rxa4 30. Rxa4 Bxa4 31. O-O Nc4 32.
Rc1 Nxd6 33. Ra1 Bb5 34. exd6 Bc4 35. Ra7 Nb6 36. Rb7 Bxd3 37. Rxb6 Bc4 38. Rb7 Rd8 39. Rb6 Kf8 40. Nd1 Be2 41. Nb2 Bxf3 42. Nd3 Bxg4 43.
Ne5 Be2 44. Rb7 Bh5 45. Nc6 1-0

[Event "Early-Titled-Tuesday-Blitz-June-18-2024"]
[Site "Chess.com"]
[Date "2024.06.18"]
[Round "5"]
[White "eltenedor"]
[Black "ALRS-SPS"]
[Result "0-1"]
[WhiteElo "2130"]
[BlackElo "2373"]
[TimeControl "180+1"]
[EndTime "8:58:00 PDT"]
[Termination "ALRS-SPS won by checkmate"]

1. f4 e5 2. fxe5 d6 3. exd6 Bxd6 4. Nf3 Nf6 5. e3 O-O 6. Be2 Bg4 7. O-O Nc6 8. Nc3 Qe7 9. Nb5 Bxf3 10. Bxf3 Bxh2+ 11. Kxh2 Qe5+ 12. Kg1 Qxb5 13. d4 Rad8 14. c3 Rfe8 15.
Qc2 Ne7 16. e4 Ng6 17. e5 Nd7 18. a4 Qc4 19. Bxb7 c5 20. b3 Qe6 21. Be4 cxd4 22. cxd4 Rc8 23. Qd3 Red8 24. Bf5 Qb6 25. Be3 Rb8 26.
Qe4 Qxb3 27. e6 Nf6 28. exf7+ Qxf7 29. Qc2 Qe7 30. Bf2 Rbc8 31. Qb1 Nf4 32. Bxc8 Rxc8 33. Re1 Qd7 34. Qd1 Qd5 35. Qf3 Qg5 36. Re3 Rf8 37. Re5 Qh6 38. Rae1 Ng6 39. Qb3+ Kh8 40. Re6 Ng4 41. Re8 Qf4 42. Rxf8+ Nxf8 43. Rf1 Qh2# 0-1

[Event "Early-Titled-Tuesday-Blitz-June-18-2024"]
[Site "Chess.com"]
[Date "2024.06.18"]
[Round "5"]
[White "Seppppppy"]
[Black "Boudicca64"]
[Result "1-0"]
[WhiteElo "2187"]
[BlackElo "1824"]
[TimeControl "180+1"]
[EndTime "8:58:00 PDT"]
[Termination "Seppppppy won on time"]

1. d4 Nf6 2. c4 g6 3. Nc3 Bg7 4.
e4 d6 5. h3 O-O 6. Be3 e5 7.
d5 Nh5 8. g3 a6 9. Nge2 f5 10.
exf5 gxf5 11. g4 f4 12. Bd2 f3 13. gxh5 fxe2 14. Bxe2 Qh4 15. Be3 Nd7 16. Qd2 Nc5 17.
h6 Bf6 18. O-O-O b5 19. Rdg1+ Kh8 20. Bxc5 dxc5 21. d6 Qd4 22. Qxd4 cxd4 23. Nd5 cxd6 24. Rg2 Bb7 25. Kb1 Bxd5 26. cxd5 Rg8 27. Bg4 Rg6 28.
Rhg1 Rag8 29. Bf3 Rxg2 30. Rxg2 Rxg2 31. Bxg2 Bg5 32. Kc2 Bxh6 33. Kd3 Bf4 34. Ke4 1-0

[Event "Early-Titled-Tuesday-Blitz-June-18-2024"]
[Site "Chess.com"]
[Date "2024.06.18"]
[Round "5"]
[White "viktorskliarov"]
[Black "alexrustemov"]
[Result "0-1"]
[WhiteElo "2649"]
[BlackElo "2863"]
[TimeControl "180+1"]
[EndTime "8:58:02 PDT"]
[Termination "alexrustemov won by resignation"]

1. e4 e6 2. d4 d5 3. e5 c5 4. c3 Qb6 5. Nf3 Bd7 6. Be2 cxd4 7.
cxd4 Bb5 8. Bxb5+ Qxb5 9. Nc3 Bb4 10. Bd2 Bxc3 11. Bxc3 Ne7 12. a4 Qd7 13. Qd3 h6 14. O-O Nbc6 15. b4 O-O 16. b5 Nd8 17. Bb4 Re8 18.
Rfc1 Rc8 19. Ba3 a6 20. Rxc8 Nxc8 21. bxa6 bxa6 22. Qxa6 Qc6 23. Qxc6 Nxc6 24. Bc5 Na5 25. Rb1 Ne7 26. Rb5 Nec6 27. h4 Ra8 28. Nd2 h5 29.
Kf1 f6 30. exf6 gxf6 31. Ke2 Kf7 32. Kd3 Kg6 33. Rb6 Kf5 34. g3 e5 35. Nb1 exd4 36.
Bxd4 Ne5+ 37. Ke2 Nac4 38. Rb4 Nc6 39. Rb5 Nxd4+ 40. Kd3 Nxb5 41. axb5 Ke5 0-1

[Event "Early-Titled-Tuesday-Blitz-June-18-2024"]
[Site "Chess.com"]
[Date "2024.06.18"]
[Round "5"]
[White "chess94cu"]
[Black "falzehope0"]
[Result "1-0"]
[WhiteElo "2622"]
[BlackElo "2442"]
[TimeControl "180+1"]
[EndTime "8:58:02 PDT"]
[Termination "chess94cu won on time"]

1. e4 d6 2. d4 Nf6 3. Nc3 Nbd7 4. Nf3 e5 5. Bc4 Be7 6. O-O O-O 7. Re1 c6 8. a4 Qc7 9. Bf1 Re8 10. h3 Nf8 11. Bg5 Ng6 12. Qd2 h6 13. Be3 Nh7 14.
a5 Bf6 15. d5 c5 16. Nb5 Qe7 17. b4 cxb4 18. Qxb4 a6 19. Nxd6 Rd8 20. Bc5 Qd7 21. Nf5 Nf4 22. Rad1 Qe8 23. c4 Bxf5 24. exf5 Qd7 25. g3 Nh5 26. Nxe5 Qxf5 27. Ng4 Ng5 28. Bg2 Nf3+ 29. Bxf3 Qxf3 30. Qd2 Rdc8 31. Bb6 Rxc4 32. Qe2 Qb3 33. d6 Rc2 34. Qe4 Nxg3 35. Nxf6+ gxf6 36. Rd3 Nxe4 37. Rxb3 Nc5 38. Rbe3 Ne6 39. Rd3 Kf8 40. Re4 1-0

[Event "Early-Titled-Tuesday-Blitz-June-18-2024"]
[Site "Chess.com"]
[Date "2024.06.18"]
[Round "5"]
[White "Zavgorodniy_Sergiy"]
[Black "Roedor"]
[Result "1-0"]
[WhiteElo "2598"]
[BlackElo "2413"]
[TimeControl "180+1"]
[EndTime "8:58:02 PDT"]
[Termination "Zavgorodniy_Sergiy won on time"]

1. e4 e5 2. Nf3 Nc6 3. Bb5 Nf6 4.
Bxc6 dxc6 5. d3 Bd6 6. O-O O-O 7. Bg5 h6 8. Bh4 g5 9. Nxg5 hxg5 10. Bxg5 Be7 11.
Nd2 Nh7 12. Bh6 Bg5 13. Bxf8 Qxf8 14. Nf3 Bg4 15. h3 Bh5 16. g4 Bg6 17. Nxe5 Qh6 18. Qf3 Bf4 19. Nxg6 fxg6 20. h4 Rf8 21. Qh1 g5 22. h5 Be5 23. c3 c5 24. Rad1 Qf6 25.
Qg2 Rd8 26. Rfe1 Nf8 27. d4 cxd4 28. cxd4 Rxd4 29. Rxd4 Bxd4 30. e5 Qe6 31. Qe4 c5 32. b4 b6 33. bxc5 bxc5 34. Qf5 Qxf5 35. gxf5 Nd7 36. e6 Nf6 37. h6 g4 38. Kg2 Kh7 39. e7 Ne8 40. Re6 c4 41. Kg3 c3 42. Kxg4 Bc5 43. Rc6 Bxe7 44. Rxc3 Nf6+ 45. Kf3 Kxh6 46.
Rc7 Nd5 47. Rd7 1-0

[Event "Early-Titled-Tuesday-Blitz-June-18-2024"]
[Site "Chess.com"]
[Date "2024.06.18"]
[Round "5"]
[White "Iuckyducky"]
[Black "N18player"]
[Result "1-0"]
[WhiteElo "2310"]
[BlackElo "2537"]
[TimeControl "180+1"]
[EndTime "8:58:02 PDT"]
[Termination "Iuckyducky won on time"]

1. e4 e5 2. Nf3 Nc6 3. Bb5 g6 4. c3 Bg7 5. d4 exd4 6. cxd4 a6 7. Bc4 Nge7 8. Nc3 O-O 9. Bg5 h6 10. Bh4 d6 11. Qd2 Bg4 12. Ne2 Bxf3 13. gxf3 Nxd4 14.
Nxd4 c5 15. Ne2 g5 16. Bg3 b5 17. Bb3 c4 18. Bd1 d5 19. h4 dxe4 20. fxe4 Qxd2+ 21. Kxd2 Bxb2 22. Rb1 Rad8+ 23. Kc2 Bg7 24. hxg5 hxg5 25. Rh5 f6 26. Nc3 Nc6 27. Nd5 f5 28. Rxg5 fxe4 29. Ne3 Nd4+ 30. Kc1 Ne6 31. Rg6 Kf7 32. Bh5 Ke7 33. Bh4+ Bf6 34. Nf5+ 1-0

[Event "Early-Titled-Tuesday-Blitz-June-18-2024"]
[Site "Chess.com"]
[Date "2024.06.18"]
[Round "5"]
[White "HouseOfDurin"]
[Black "NovakRatko"]
[Result "1-0"]
[WhiteElo "2307"]
[BlackElo "2420"]
[TimeControl "180+1"]
[EndTime "8:58:02 PDT"]
[Termination "HouseOfDurin won by resignation"]

1. d4 d5 2. Bg5 c5 3. c3 Nc6 4.
e3 cxd4 5. exd4 f6 6. Bh4 e6 7. Bd3 g6 8. Qc2 Bd6 9. Bg3 e5 10. dxe5 fxe5 11. Bxg6+ hxg6 12. Qxg6+ Kd7 13. Qg7+ Nge7 14.
Nf3 Qf8 15. Qg4+ Kc7 16. Qa4 Bg4 17. Na3 Bxf3 18. Nb5+ Kd7 19. Nxd6 Kxd6 20. gxf3 Qxf3 21. Kd2 Nf5 22. Rhe1 Nxg3 23. hxg3 Qxf2+ 24. Re2 Qxg3 25. Rf1 Raf8 26. Qa3+ Kc7 27. Rxf8 Qg5+ 28. Kc2 Qg6+ 29. Kb3 Rxf8 30. Qxf8 Na5+ 31. Ka4 Qc6+ 32. Kxa5 Qa6+ 33. Kb4 Qxe2 34. Qe7+ Kc6 35. Qe6+ Kc7 36. Qe7+ Kc6 37. Qc5+ Kd7 38. Qxd5+ Kc7 39. Qc5+ Kb8 40. Qd6+ Kc8 41.
Qe6+ Kc7 42. b3 a6 43. a4 e4 44. Qc4+ Qxc4+ 45. Kxc4 Kc6 46. b4 b5+ 47. axb5+ axb5+ 48. Kd4 Kd6 49. Kxe4 Ke6 50. Ke3 Ke5 51. Ke2 Ke4 52. Kd2 Ke5 53. Ke3 Kd5 54. Kd3 Kc6 55. Ke4 Kd6 56. Kd4 Kc6 57. Ke5 Kc7 58. Kd5 Kb6 59. Kd6 Kb7 60. Kc5 Ka6 61. Kc6 1-0

[Event "Early-Titled-Tuesday-Blitz-June-18-2024"]
[Site "Chess.com"]
[Date "2024.06.18"]
[Round "5"]
[White "talaicito"]
[Black "SilverCityIndigo"]
[Result "0-1"]
[WhiteElo "2259"]
[BlackElo "2412"]
[TimeControl "180+1"]
[EndTime "8:58:03 PDT"]
[Termination "SilverCityIndigo won on time"]

1. d4 d5 2. Bf4 Nf6 3. Nc3 Bf5 4. e3 c6 5. Nf3 e6 6. Ne5 h6 7. g4 Bh7 8. h4 Be7 9. g5 Ne4 10. g6 fxg6 11. Nxe4 dxe4 12. Bc4 O-O 13. Bxe6+ Kh8 14. Nf7+ Rxf7 15. Bxf7 Nd7 16. Qg4 Nf6 17. Qe6 Qa5+ 18. c3 Ba3 19. Qb3 Be7 20. O-O-O Rf8 21. Rhg1 Nd5 22. Bxd5 cxd5 23. Qxb7 Ba3 24. bxa3 Qxc3+ 25. Kb1 Qxa3 26. Qxd5 Bg8 27. Qc5 Bxa2+ 28. Kc2 Qb3+ 29. Kd2 Qb2+ 30. Ke1 Bb3 31. Qc1 Qa2 32. Rd2 Qa4 33.
Kf1 Rc8 34. Qxc8+ Kh7 35. h5 Qa1+ 0-1

[Event "Early-Titled-Tuesday-Blitz-June-18-2024"]
[Site "Chess.com"]
[Date "2024.06.18"]
[Round "5"]
[White "Weifd"]
[Black "LewAnatol"]
[Result "0-1"]
[WhiteElo "2390"]
[BlackElo "2255"]
[TimeControl "180+1"]
[EndTime "8:58:03 PDT"]
[Termination "LewAnatol won by checkmate"]

1. e4 c5 2. Nf3 e6 3. d4 cxd4 4. Nxd4 a6 5. Bd3 g6 6. O-O Bg7 7. Be3 Nc6 8. Nxc6 bxc6 9. c3 Ne7 10. Nd2 O-O 11. f4 f5 12. e5 d5 13. exd6 Qxd6 14.
Nc4 Qc7 15. Bb6 Qb7 16. Bc5 Bf6 17. Qe2 a5 18. Rad1 Rd8 19. Ne5 Nd5 20. Bc4 a4 21. a3 Qc7 22. h3 Kg7 23. Nd3 Re8 24. Bd4 Bxd4+ 25. cxd4 Nb6 26. Ba2 Ba6 27. Rfe1 Nd5 28. Qe5+ Qxe5 29. fxe5 Bxd3 30. Rxd3 Rab8 31. Rd2 Rb6 32.
Bxd5 cxd5 33. Rc1 Reb8 34. Rc7+ Kh6 35. Ra7 Rxb2 36. Rxb2 Rxb2 37. Rxa4 Kg5 38. Ra7 Kf4 39. Rxh7 Kg3 40. Re7 Rb1# 0-1

[Event "Early-Titled-Tuesday-Blitz-June-18-2024"]
[Site "Chess.com"]
[Date "2024.06.18"]
[Round "5"]
[White "Angry_Twin"]
[Black "Msb2"]
[Result "0-1"]
[WhiteElo "2918"]
[BlackElo "3064"]
[TimeControl "180+1"]
[EndTime "8:58:05 PDT"]
[Termination "Msb2 won by checkmate"]

1. d4 d5 2. c4 e6 3. Nc3 Bb4 4. a3 Bxc3+ 5. bxc3 Nf6 6. e3 c6 7. Nf3 O-O 8. Bd3 b6 9. cxd5 cxd5 10. Qe2 Ne4 11. Bb2 Nc6 12. c4 Na5 13. cxd5 exd5 14. O-O Bg4 15. h3 Bh5 16. g4 Bg6 17. Ne5 Qh4 18. Kg2 Ng5 19. Rh1 Bxd3 20. Qxd3 f5 21. f3 Nc4 22. Nxc4 dxc4 23. Qxc4+ Kh8 24. Qe2 Nxf3 25. Qxf3 fxg4 26. Qg3 gxh3+ 27. Rxh3 Qe4+ 28. Kg1 Rf6 29. Rh4 Qc2 30. Rh2 Qd3 31. Rg2 Rg6 32. Qf4 Qc2 33. Rxg6 Qxg6+ 34. Kh1 Qh5+ 35. Kg2 Rc8 36.
Rf1 h6 37. Rf2 Rc6 38. Qf8+ Kh7 39. Qf5+ Rg6+ 40. Kf1 Qd1# 0-1